 Dungeon Crawl Stone Soup version 0.29.1-15-g9cfb28693d (webtiles) character file.

Game seed: 11466240163865643503

77 croobank the Sneak (level 4, -4/31 HPs)
             Began as an Octopode Delver on Mar 15, 2023.
             Slain by an orc
             ... wielding a +2 flail of protection
              (11 damage)
             ... on level 2 of the Dungeon.
             The game lasted 00:06:39 (2731 turns).

croobank the Sneak (Octopode Delver)                Turns: 2731, Time: 00:06:39

Health: -4/31      AC:  1    Str: 10 (11) XL:     4   Next: 33%
Magic:  1/5        EV: 13    Int: 12 (14) God:
Gold:   129        SH:  0    Dex: 10 (13) Spells: 3/5 levels left

rFire   . . .      SeeInvis +   h - staff of poison
rCold   . . .      Faith    .   (no shield)
rNeg    . . .      Spirit   .   (helmet restricted)
rPois   +          Reflect  .   (no amulet)
rElec   .          Harm     .   m - ring of see invisible
rCorr   .          Rampage  .   (no ring)
Will    .....                   (no ring)
Stlth   ++++......              (no ring)
HPRegen 0.10/turn               (no ring)
MPRegen 0.09/turn               (no ring)
                                (no ring)
                                (no ring)

@: hasted, very quick
A: almost no armour, amphibious, 8 rings, camouflage 1, gelatinous body 1,
(nimble swimmer 1), tentacles, mutation resistance 1
a: no special abilities


You were on level 2 of the Dungeon.
You visited 1 branch of the dungeon, and saw 6 of its levels.

You collected 129 gold pieces.

Inventory:

Hand Weapons
 l - a +0 war axe
Magical Staves
 h - a staff of poison (weapon)
Jewellery
 m - a ring of see invisible (left tentacle)
Wands
 e - a wand of digging (3)
Scrolls
 a - a scroll of fog
 b - a scroll of magic mapping
 c - a scroll of fear
 f - 2 scrolls of blinking {unknown}
 g - a scroll of identify {unknown}
 i - a scroll of noise {unknown}
 j - a scroll of immolation {unknown}
 k - a scroll of torment {unknown}
 n - a scroll of silence {unknown}
 o - a scroll of amnesia {unknown}
 p - a scroll of teleportation {unknown}
 q - a scroll of poison {unknown}


   Skills:
 + Level 3.3 Fighting
 + Level 0.9 Staves
 + Level 2.5 Dodging
 + Level 7.0 Stealth
 - Level 2.2 Unarmed Combat
 + Level 1.2 Spellcasting
 + Level 1.5 Poison Magic


You had 3 spell levels left.
You knew the following spells:

 Your Spells              Type           Power      Damage    Failure   Level
a - Poisonous Vapours     Pois/Air       6%         N/A       32%         2

Your spell library contained the following spells:

 Spells                   Type           Power      Damage    Failure   Level
 Summon Guardian Golem    Hex/Summ       0%         N/A       65%         3
 Corpse Rot               Necr/Pois/Air  2%         N/A       94%         4
 Orb of Destruction       Conj           0%         9d5       100%        7
 Spellforged Servitor     Conj/Summ      0%         N/A       100%        7


Dungeon Overview and Level Annotations

Branches:
Dungeon (6/15)
 Temple: D:4-7

Altars:
Zin

Shops:
D:2 ((   D:4 *

Annotations:
D:1 exclusion: downstairs
D:4 Menkaure


Innate Abilities, Weirdness & Mutations

You cannot wear most types of armour.
You are amphibious.
You can wear up to eight rings at the same time.
Your skin changes colour to match your surroundings (Stealth+).
Your rubbery body absorbs attacks. (AC +1, EV +1)
((You are camouflaged when in or above water. (Stealth+)))
You have tentacles for arms and can constrict up to eight enemies at once.
You are somewhat resistant to further mutation.


Message History

You have reached level 4!
You hit the orc but do no damage. You grab the orc. You squeeze the orc!
You kill the orc!
The orc priest looks encouraged for a moment.
You feel your intelligence returning.
The orc hits you with a +2 flail of protection.
The orc priest begins to cast a cantrip, but forgets the words!
Items here: )) [ †.
You closely miss the orc. Your grab misses the orc. You barely miss the orc.
Your grab misses the orc. You squeeze the orc.
The orc is heavily wounded.
The orc closely misses you.
Casting: Poisonous Vapours (quite dangerous; 32% risk of failure)
Confirm with . or Enter, or press ? or * to list all spells.
Aiming: Poisonous Vapours (quite dangerous; 32% risk of failure)
Press: ? - help, Dir - move target, f - orc priest
Aim: an orc priest, wielding a +0 mace of protection and wearing a +0 leather armour You feel a surge of power!
Poisonous vapours surround the orc priest!
The orc priest is poisoned.
The orc hits you with a +2 flail of protection.
* * * LOW HITPOINT WARNING * * *
Casting: Poisonous Vapours (quite dangerous; 32% risk of failure)
Confirm with . or Enter, or press ? or * to list all spells.
Aiming: Poisonous Vapours (quite dangerous; 32% risk of failure)
Press: ? - help, Dir - move target, f - orc priest, p - orc priest
Aim: an orc priest, wielding a +0 hand axe You feel a surge of power!
Poisonous vapours surround the orc priest!
The orc priest is poisoned.
The orc barely misses you.
You aren't carrying any potions.
You hit the orc but do no damage. Your grab misses the orc.
You squeeze the orc, but do no damage.
The orc is heavily wounded.
You hit the orc but do no damage. You grab the orc.
Your squeeze misses the orc.
The orc is heavily wounded.
You constrict the orc, but do no damage.
The orc hits you with a +2 flail of protection!
You die...

#.#####)#.#
#.o.....#†# ##
#.......#.#
...####..######.#
......#.o###....#
........o#<#.####
####.....#.#.#
####..#o#.#
#....o.#@#
###.####o# #.#
#o# #.####o##
#.oo....#
##..o#####
##.)...##
##.......#
###....∩...#


You could see 2 orc priests and an orc.

Vanquished Creatures
  An orc wizard (D:2)
  An adder (D:4)
  An ufetubus (D:5)
  An orc (D:2)
  3 endoplasms
  2 giant cockroaches
  6 hobgoblins
  4 jackals (D:1)
  4 kobolds
  2 quokkas
  2 ball pythons
  2 bats (D:1)
  2 frilled lizards (D:1)
  2 rats
33 creatures vanquished.

Notes
Turn   | Place    | Note
-------+----------+-------------------------------------------
     0 | D:5      | croobank the Octopode Delver began the quest for the Orb.
     0 | D:5      | Reached XP level 1. HP: 16/16 MP: 1/1
    20 | D:5      | Noticed a hound
   118 | D:6      | Noticed a necrophage
   160 | D:5      | Noticed an ice beast
   440 | D:5      | Noticed an iguana
   547 | D:4      | Reached XP level 2. HP: 21/21 MP: 2/2
   710 | D:4      | Found Racotu's Assorted Antiques.
   739 | D:4      | Noticed Menkaure
   855 | D:2      | Found Obboesh's Weapon Shop.
  1214 | D:1      | Reached XP level 3. HP: 16/26 MP: 3/3
  1337 | D:1      | Learned a level 2 spell: Poisonous Vapours
  1357 | D:1      | Reached skill level 1 in Poison Magic
  1677 | D:1      | Found a faded altar of an unknown god.
  1691 | D:1      | Gained mutation: You are somewhat resistant to further
                  | mutation. [potion of mutation]
  2481 | D:2      | Found Delek's Antique Weapon Shoppe.
  2637 | D:3      | Noticed an angel
  2638 | D:3      | Found a glowing silver altar of Zin.
  2724 | D:2      | Reached skill level 7 in Stealth
  2724 | D:2      | Reached skill level 1 in Spellcasting
  2724 | D:2      | Reached XP level 4. HP: 16/31 MP: 5/5
  2731 | D:2      | Slain by an orc

Illustrated notes

Levels and vault maps discovered:
D:1:      dpeg_arrival_simpleton_b, layout_loops_corners,
          hellmonk_ecumenical_altar_dog_temple
D:2:      layout_basic, serial_curves, eino_curves_04, eino_curves_04,
          serial_shops, nicolae_shop_bloodbath_and_beyond, shop,
          uniq_crazy_yiuf_cottage
D:3:      layout_loops_cross, mainiacjoe_overflow_brackets, zin_angel,
          uniq_sigmund
D:4:      layout_loops_corners, minitemple, serial_shops, shop, uniq_menkaure
D:5:      minmay_bubble_buster, layout_rooms, serial_curves, eino_curves_04,
          eino_curves_03, ebering_ghost_reflecting_pool, minmay_misc_feat_tiny,
          st_stairs_6, dilly_guarded_unrand_morg
D:6:      layout_basic, nicolae_gozag_seed_capital, ebering_ghost_disaster_area,
          chequers_serial_rivers_room_a

Skill      XL: |  1  2  3 |
---------------+----------+-----
Poison Magic   | 1 |  1.5
Stealth        | 7 |  7.0
Spellcasting   | 1 |  1.2
Fighting       | |  3.3
Staves         | |  0.9
Dodging        | |  2.5
Unarmed Combat | |  2.2

Action                   |  1- 3 |  4- 6 || total
-------------------------+-------+-------++-------
Melee: Unarmed           |     2 |       ||     2
       Staff             |    73 |     5 ||    78
       Constrict         |    17 |     2 ||    19
       Tentacles         |    13 |     3 ||    16
       Punch             |     1 |       ||     1
 Cast: Poisonous Vapours |     2 |     2 ||     4
  Use: Scroll            |     1 |       ||     1
       Potion            |     5 |       ||     5
 Stab: Sleeping          |    12 |       ||    12
Armor: Skin              |    13 |       ||    13
Dodge: Dodged            |    50 |     2 ||    52
